 Dungeon Crawl Stone Soup version 0.24-a0-618-ge4662a2 (webtiles) character file.

Game seed: 473263064696490818, levelgen mode: deterministic

22 BoppinsLewinski the Skirmisher (level 2, -3/26 HPs)
             Began as a Centaur Fighter on Sept 16, 2019.
             Slain by a gnoll
             ... wielding a +0 spear
              (7 damage)
             ... on level 1 of the Dungeon.
             The game lasted 00:01:36 (969 turns).

BoppinsLewinski the Skirmisher (Centaur Fighter)     Turns: 969, Time: 00:01:36

Health: -3/26      AC:  7    Str: 23    XL:     2   Next: 68%
Magic:  2/2        EV:  5    Int:  7    God:
Gold:   66         SH:  0    Dex:  8    Spells: 1/1 levels left

rFire    . . .     SeeInvis .   a - +0 war axe
rCold    . . .     Gourm    .   (no shield)
rNeg     . . .     Faith    .   e - +0 chain mail
rPois    .         Spirit   .   (no helmet)
rElec    .         Reflect  .   (no cloak)
rCorr    .         Harm     .   (no gloves)
MR       .....                  (no barding)
Stlth    ..........             (no amulet)
HPRegen  0.08/turn              (no ring)
MPRegen  0.08/turn              (no ring)

@: mighty, heavily drained, very quick
A: large, hooves 3, deformed body, speed 2, tough skin 3
a: no special abilities


You were on level 1 of the Dungeon.
You were not hungry.

You visited 1 branch of the dungeon, and saw 1 of its levels.

You collected 66 gold pieces.

Inventory:

Hand Weapons
 a - a +0 war axe (weapon)
Armour
 b - a +0 scale mail
 e - a +0 chain mail (worn)
Jewellery
 k - an uncursed ring of magical power {unknown}
Scrolls
 g - a scroll of remove curse {unknown}
 i - 2 scrolls of enchant weapon {unknown}
 j - 3 scrolls of identify {unknown}
Potions
 c - a potion of ambrosia {unknown}
 h - a potion of brilliance {unknown}
 l - 2 potions of mutation {unknown}
Comestibles
 f - 2 rations


   Skills:
 + Level 3.2(1.2) Fighting
 * Level 2.3(0.4) Axes
 + Level 2.3(0.4) Armour
 + Level 0.5(0.0) Dodging
   Level 2.1(0.3) Shields


You had one spell level left.
You didn't know any spells.
Your spell library was empty.

Dungeon Overview and Level Annotations

Branches:
Dungeon (1/15)

Altars:


Innate Abilities, Weirdness & Mutations

You have hooves in place of feet.
Armour fits poorly on your strangely shaped body.
You cover ground very quickly.
You have extremely tough skin. (AC +3)


Message History

l - 2 lumpy dark potions Nay target in view!
Nay target in view!
Nay target in view!
A gnoll comes inta view.
It be wieldin' a +0 spear.
Tha gnoll shouts!
Tha gnoll hits ye wit' a +0 spear!
Ye barely miss tha gnoll.
A leopard gecko comes inta view.
Tha gnoll barely misses ye.
Ye barely miss tha gnoll.
Tha leopard gecko hisses angrily.
Tha gnoll hits ye wit' a +0 spear.
Ye barely miss tha gnoll.
Tha gnoll hits ye wit' a +0 spear.
Tha gnoll hits ye wit' a +0 spear!
* * * LOW HITPOINT WARNIN'
* * * Ye be too injured ta fight recklessly!
Ye feel very mighty all o' a sudd'n.
Tha gnoll hits ye wit' a +0 spear!
Ye die...

#.# ######
#.# ....#
#.# ....#
#.# ....#
#.# ....#
#.# ....+
#.# ....#
#.####g...#
#....@l...#
#.#.......#
#.#.......#
###.......#
#.......#
#.......#
#....####
#....#
#....#


You could see a gnoll and a leopard gecko.

Vanquished Creatures
  3 dart slugs (D:1)
  A giant cockroach (D:1)
  2 goblins (D:1)
  A hobgoblin (D:1)
  A kobold (D:1)
  4 bats (D:1)
  A frilled lizard (D:1)
  2 rats (D:1)
15 creatures vanquished.

Notes
Turn   | Place    | Note
-------+----------+-------------------------------------------
     0 | D:1      | BoppinsLewinski the Centaur Fighter began the quest for the
                  | Orb.
     0 | D:1      | Reached XP level 1. HP: 19/19 MP: 1/1
   292 | D:1      | Reached XP level 2. HP: 20/26 MP: 2/2
   969 | D:1      | Slain by a gnoll

Levels and vault maps discovered:
D:1:      lemuel_arrival_cross, layout_basic

Skill      XL: |  1 |
---------------+----+-----
Axes           | 2 |  2.3
Fighting       | |  3.2
Armour         | |  2.3
Dodging        | |  0.5
Shields        | |  2.1

Action                   || total
-------------------------++-------
Melee: War axe           ||    32
       Kick              ||     6
  Use: Potion            ||     1
Armor: Chain mail        ||    17
       Scale mail        ||     1
Dodge: Dodged            ||    10

Table legend:
 A = Non-vault XP
 B = Vault XP
 C = Vault XP percentage of total XP
 D = Non-vault monster count
 E = Vault monster count
 F = Vault count percentage of total count
                 A         B        C        D         E       F
            +---------+---------+-------+---------+---------+-------
      Total |      32 |       0 |   0.0 |      15 |       0 |   0.0
            +---------+---------+-------+---------+---------+-------
        D:1 |      32 |       0 |   0.0 |      15 |       0 |   0.0
            +---------+---------+-------+---------+---------+-------
